 Dungeon Crawl Stone Soup version 0.20.1-1-g8b1a95d66d (webtiles) character file.

877 Ivernyr the Archer (level 7, -7/59 HPs)
             Began as a Centaur Hunter on Dec 10, 2017.
             Mangled by an unseen horror (8 damage)
             ... on level 5 of the Dungeon.
             The game lasted 00:17:16 (7409 turns).

Ivernyr the Archer (Centaur Hunter)                 Turns: 7409, Time: 00:17:16

Health: -7/59      AC:  4    Str: 12 (14) XL:     7   Next: 75%
Magic:  7/7        EV: 10    Int:  8 (10) God:
Gold:   227        SH:  0    Dex:  9 (12) Spells: 6/6 levels left

rFire    . . .     SeeInvis .   a - +1 shortbow
rCold    . . .     Gourm    .   (shield currently unavailable)
rNeg     . . .     Faith    .   m - +0 robe
rPois    .         Spirit   .   (no helmet)
rElec    .         Reflect  .   (no cloak)
rCorr    .         Harm     .   (no gloves)
MR       +....                  (no barding)
Stlth    +.........             (no amulet)
Regen    0.2/turn               r - ring of protection from magic
MPRegen  0.1/turn               (no ring)

@: very quick
A: hooves 3, deformed body, speed 2, tough skin 3
a: no special abilities


You were on level 5 of the Dungeon.
You were near starving.

You visited 1 branch of the dungeon, and saw 5 of its levels.

You collected 227 gold pieces.

Inventory:

Hand Weapons
 a - a +1 shortbow (weapon)
Missiles
 d - 86 arrows (quivered)
Armour
 m - a +0 robe (worn)
Jewellery
 r - a ring of protection from magic (left hand)
Scrolls
 b - 5 scrolls of identify
 c - a scroll of remove curse
 e - 3 scrolls of teleportation {unknown}
 h - 2 scrolls of fear {unknown}
 i - 2 scrolls of recharging {unknown}
 k - a scroll of fog {unknown}
 l - a scroll of enchant weapon {unknown}
 n - a scroll of amnesia {unknown}
 t - a scroll of immolation {unknown}
 u - a scroll of enchant armour {unknown}
Potions
 p - a potion of haste {unknown}
Comestibles
 f - 4 bread rations
 g - 4 meat rations
 j - a royal jelly


   Skills:
 + Level 4.3 Fighting
 * Level 9.1 Bows
 + Level 3.3 Dodging
 - Level 0.4 Stealth
 + Level 3.5 Unarmed Combat


You had 6 spell levels left.
You didn't know any spells.

Dungeon Overview and Level Annotations

Branches:
Dungeon (5/15)
 Temple: D:4-7

Altars:
Hepliaklqana
Kikubaaqudgha
Makhleb
Qazlal
Ru
Sif Muna
Uskayaw
Zin
The Shining One


Innate Abilities, Weirdness & Mutations

You have hooves in place of feet.
Armour fits poorly on your strangely shaped body.
You cover ground very quickly.
You have extremely tough skin. (AC +3)


Message History

Something hits you. Something hits you!
* * * LOW HITPOINT WARNING * * *
Something hits you but does no damage. Something hits you.
* * * LOW HITPOINT WARNING * * *
Something hits you.
* * * LOW HITPOINT WARNING * * *
Firing (i - inventory):
d - 86 arrows (quivered)
Press: ? - help, Shift-Dir - straight line, f - you Really target yourself?
Okay, then.
Okay, then.
It was a potion of magic.
Magic courses through your body. Something hits you.
* * * LOW HITPOINT WARNING * * *
It was a potion of degeneration.
There was something very wrong with that liquid.
You feel weakened.
You feel dopey.
You feel clumsy. Something hits you!
You die...

## #.#....#.#.# .>
#.#......#.#
#.###.#....#...#
#.#...##.#.#.###
#.#.####.#.#.#####
#........#.#.....#
###...##...#####.#
########{..##.#######.#
#.......@)....#..<....#
#.#############.#######
#.# #.# #.## #.# #..#
######.# #''# #......#
...... #.######
.......... #.######
#............##......#


There were no monsters in sight!

Vanquished Creatures
  The ghost of qepasa the Vexing, an amateur FoEn (D:5)
  A sky beast (D:5)
  A black bear (D:4)
  An ogre (D:5)
  2 hounds (D:4)
  2 orc priests (D:4)
  3 orc wizards (D:4)
  2 iguanas (D:4)
  A howler monkey skeleton (D:4)
  10 adders
  3 worms
  2 dart slugs
  4 leopard geckos
  13 orcs
  4 bats
  6 giant cockroaches
  11 goblins
  8 hobgoblins
  11 jackals
  5 quokkas
  3 ball pythons
  4 frilled lizards
  10 kobolds
  A quokka skeleton (D:4)
  4 rats
113 creatures vanquished.

Notes
Turn   | Place    | Note
-------+----------+-------------------------------------------
     0 | D:1      | Ivernyr the Centaur Hunter began the quest for the Orb.
     0 | D:1      | Reached XP level 1. HP: 17/17 MP: 1/1
   419 | D:1      | Reached XP level 2. HP: 18/25 MP: 2/2
  1169 | D:2      | Reached skill level 6 in Bows
  1169 | D:2      | Reached XP level 3. HP: 29/30 MP: 3/3
  1454 | D:2      | Reached skill level 1 in Unarmed Combat
  1652 | D:2      | Found a hazy altar of Hepliaklqana.
  1886 | D:2      | Reached XP level 4. HP: 27/37 MP: 4/4
  2586 | D:2      | Noticed a dagger
  2586 | D:2      | Noticed a hand axe
  2587 | D:2      | Found a hide-covered altar of Uskayaw.
  2725 | D:2      | Found an ancient bone altar of Kikubaaqudgha.
  2728 | D:2      | Found a glowing silver altar of Zin.
  2740 | D:2      | Found a stormy altar of Qazlal.
  2740 | D:2      | Found a deep blue altar of Sif Muna.
  3518 | D:3      | Reached XP level 5. HP: 31/44 MP: 5/5
  4037 | D:3      | Found a glowing golden altar of the Shining One.
  4659 | D:4      | Found a burning altar of Makhleb.
  4768 | D:4      | Reached skill level 7 in Bows
  5230 | D:4      | Found a sacrificial altar of Ru.
  5330 | D:4      | Reached XP level 6. HP: 24/51 MP: 6/6
  6183 | D:4      | Reached skill level 8 in Bows
  6420 | D:4      | Reached XP level 7. HP: 47/58 MP: 7/7
  6703 | D:5      | Entered Level 5 of the Dungeon
  7241 | D:5      | Noticed qepasa's ghost (amateur FoEn)
  7297 | D:5      | Killed qepasa's ghost
  7378 | D:5      | Reached skill level 9 in Bows
  7398 | D:5      | Noticed a hungry ghost
  7408 | D:5      | HP: 1/59 [something (6)]
  7409 | D:5      | Mangled by an unseen horror

Skill      XL: |  1  2  3  4  5  6  7 |
---------------+----------------------+-----
Bows           | 6 7 8 9 |  9.1
Unarmed Combat | 1 2 3 |  3.5
Dodging        | 2 3 |  3.3
Fighting       | 3 4 |  4.3
Stealth        | |  0.4

Action                   |  1- 3 |  4- 6 |  7- 9 || total
-------------------------+-------+-------+-------++-------
Melee: Unarmed           |    96 |   261 |    43 ||   400
       Kick              |    28 |    47 |     6 ||    81
       Punch             |     1 |     3 |     1 ||     5
 Fire: Shortbow          |    19 |   100 |    39 ||   158
  Use: Potion            |     1 |     1 |     2 ||     4
       Scroll            |       |     2 |       ||     2
  Eat: Chunk             |     2 |    13 |     1 ||    16
Armor: Skin              |    17 |    44 |       ||    61
       Robe              |       |    51 |    11 ||    62
Dodge: Dodged            |    39 |   146 |    22 ||   207
